 Dungeon Crawl Stone Soup version 0.27.0-1-g7a089689b8 (webtiles) character file.

Game seed: 11428873799285757617

160 MajorAdolf the Magician (level 5, 0/49 HPs)
             Began as a Naga Wanderer on Aug 8, 2021.
             Slain by a water moccasin skeleton (7 damage)
             ... on level 4 of the Dungeon.
             The game lasted 00:04:58 (2368 turns).

MajorAdolf the Magician (Naga Wanderer)             Turns: 2368, Time: 00:04:59

Health: 0/49       AC:  1    Str: 14    XL:     5   Next: 41%
Magic:  11/11      EV:  9    Int: 14    God:
Gold:   133        SH:  0    Dex: 10    Spells: 11/12 levels left

rFire    . . .     SeeInvis +   q - +0 dagger
rCold    . . .     Faith    .   (no shield)
rNeg     . . .     Spirit   .   (no armour)
rPois    +         Reflect  .   (no helmet)
rElec    .         Harm     .   (no cloak)
rCorr    .         Rampage  .   (no gloves)
Will     .....                  (no barding)
Stlth    +.........             (no amulet)
HPRegen  0.16/turn              (no ring)
MPRegen  0.12/turn              (no ring)

@: very slow
A: AC +1, large, see invisible, deformed body, poison resistance, slowness 2,
spit poison 1, naga tail 1
a: Spit Poison


You were on level 4 of the Dungeon.
You visited 1 branch of the dungeon, and saw 4 of its levels.

You collected 133 gold pieces.

Inventory:

Hand Weapons
 a - a +2 hand crossbow
 q - a +0 dagger (weapon)
Missiles
 b - 21 bolts
Magical Staves
 p - a staff of air
Scrolls
 c - a scroll of enchant weapon {unknown}
 e - 3 scrolls of identify {unknown}
 h - a scroll of enchant armour {unknown}
 l - a scroll of torment {unknown}
 m - a scroll of brand weapon {unknown}
 o - a scroll of summoning {unknown}
 r - a scroll of teleportation {unknown}
Potions
 d - 2 potions of curing
 f - a potion of heal wounds {unknown}
 g - a potion of magic {unknown}
 i - a potion of berserk rage {unknown}
 j - 2 potions of might {unknown}
 k - 2 potions of attraction {unknown}
 n - a potion of lignification {unknown}


   Skills:
 - Level 3.0 Fighting
 - Level 1.7 Crossbows
 - Level 2.4 Armour
 + Level 4.4 Spellcasting
 + Level 0.1 Conjurations
 - Level 2.0 Evocations


You had 11 spell levels left.
You knew the following spells:

 Your Spells              Type           Power      Damage    Failure   Level
a - Magic Dart            Conj           12%        1d3       17%         1

Your spell library contained the following spells:

 Spells                   Type           Power      Damage    Failure   Level
 Call Imp                 Summ           3%         N/A       28%         2
 Mephitic Cloud           Conj/Pois/Air  3%         N/A       47%         3


Dungeon Overview and Level Annotations

Branches:
Dungeon (4/15)
 Temple: D:4-7

Altars:
Gozag
Yredelemnul


Innate Abilities, Weirdness & Mutations

Your serpentine skin is tough. (AC +1)
You have supernaturally acute eyesight. (SInv)
Armour fits poorly on your strangely shaped body.
Your system is resistant to poisons. (rPois)
You cover ground very slowly.
You can spit poison.
You have a snake-like lower body.


Message History

The water moccasin skeleton barely misses you.
You hit the water moccasin skeleton.
The water moccasin skeleton is moderately damaged.
The water moccasin skeleton closely misses you.
You hit the water moccasin skeleton.
The water moccasin skeleton is moderately damaged.
The water moccasin skeleton closely misses you.
You barely miss the water moccasin skeleton.
The water moccasin skeleton is moderately damaged.
The water moccasin skeleton bites you.
The water moccasin skeleton closely misses you.
You barely miss the water moccasin skeleton.
The water moccasin skeleton is moderately damaged.
The water moccasin skeleton bites you!
You hit the water moccasin skeleton but do no damage.
The water moccasin skeleton is moderately damaged.
The water moccasin skeleton closely misses you.
You hit the water moccasin skeleton.
The water moccasin skeleton is moderately damaged.
The water moccasin skeleton bites you but does no damage.
You hit the water moccasin skeleton.
The water moccasin skeleton is heavily damaged.
The water moccasin skeleton closely misses you.
You hit the water moccasin skeleton.
The water moccasin skeleton is heavily damaged.
The water moccasin skeleton bites you.
The water moccasin skeleton barely misses you.
You completely miss the water moccasin skeleton.
The water moccasin skeleton is heavily damaged.
The water moccasin skeleton bites you.
You hit the water moccasin skeleton.
The water moccasin skeleton is heavily damaged.
The water moccasin skeleton bites you!
* * * LOW HITPOINT WARNING * * *
You hit the water moccasin skeleton but do no damage.
The water moccasin skeleton is heavily damaged.
The water moccasin skeleton bites you.
* * * LOW HITPOINT WARNING * * *
The water moccasin skeleton bites you!
You die...

#.. ## #.. .
... #. #.. .#
.. ###..#
.###..#
#.....##$.....
#.....!#..
#.!###.# .#
##Z@.#.# ..
###...###.
##..##>.
##...##.#
#>.#.##.#
####.......#
#.....#....####
#.##.#####=...#
#####.#..###
######


You could see a water moccasin skeleton.

Vanquished Creatures
  A phantom (D:3)
  2 adders (D:3)
  2 worms (D:3)
  3 dart slugs (D:1)
  6 ball pythons
  4 bats (D:1)
  3 endoplasms
  5 giant cockroaches
  3 goblins
  5 hobgoblins
  7 jackals
  2 quokkas
  2 frilled lizards
  5 kobolds
  6 rats
56 creatures vanquished.

Vanquished Creatures (others)
  A plant (D:1)
1 creature vanquished.

Grand Total: 57 creatures vanquished

Notes
Turn   | Place    | Note
-------+----------+-------------------------------------------
     0 | D:1      | MajorAdolf the Naga Wanderer began the quest for the Orb.
     0 | D:1      | MajorAdolf set off with the following items: a +2 hand
                  | crossbow, 30 bolts, a +0 ring mail, a potion of curing
     0 | D:1      | Reached XP level 1. HP: 21/21 MP: 1/1
    43 | D:1      | Reached skill level 1 in Spellcasting
   103 | D:1      | Reached XP level 2. HP: 28/28 MP: 4/4
   147 | D:1      | Reached skill level 2 in Spellcasting
   269 | D:1      | Reached XP level 3. HP: 34/34 MP: 6/6
   317 | D:1      | Found a faded altar of an unknown god.
  1402 | D:3      | Noticed a phantom
  1427 | D:3      | Killed a phantom
  1428 | D:3      | Reached skill level 4 in Spellcasting
  1428 | D:3      | Reached XP level 4. HP: 42/42 MP: 8/10
  1428 | D:3      | Reached XP level 5. HP: 49/49 MP: 8/11
  1557 | D:3      | Found an opulent altar of Gozag.
  1557 | D:3      | Found a basalt altar of Yredelemnul.
  1976 | D:3      | Learned a level 1 spell: Magic Dart
  2368 | D:4      | Slain by a water moccasin skeleton

Illustrated notes

Levels and vault maps discovered:
D:1:      roderic_crop_circles_arrival_small, layout_rooms,
          shapermc_ecumenical_altar_ellora
D:2:      layout_loops_ring
D:3:      kennysheep_six_static_rooms, layout_rooms,
          gammafunk_temple_overflow_wave, minmay_starry_boxes
D:4:      layout_rooms, columned_hall_lemuel, minmay_misc_feat_hallway,
          chequers_serial_rivers_small_a, uniq_crazy_yiuf_cottage,
          uniq_blork_the_orc, uniq_edmund

Skill      XL: |  1  2  3 |
---------------+----------+-----
Spellcasting   | 1 2 4 |  4.4
Fighting       | |  3.0
Crossbows      | |  1.7
Armour         | |  2.4
Conjurations   | |  0.1
Evocations     | |  2.0

Action                   |  1- 3 |  4- 6 || total
-------------------------+-------+-------++-------
Melee: Dagger            |       |    21 ||    21
 Fire: Hand crossbow     |    55 |    24 ||    79
 Cast: Magic Dart        |       |    11 ||    11
 Abil: Spit Poison       |     9 |    14 ||    23
Armor: Ring mail         |    15 |    10 ||    25
       Skin              |       |     4 ||     4
Dodge: Dodged            |    11 |    33 ||    44
